[ AOE2 MATCH · #506786823 ]
UnrankedPersians vs Italians
[ REPLAY ANALYSIS · EXTRACTED FROM THE RECORDED GAME ]
Feudal
12:45
Castle
22:25
Imperial
—
| APM avg | 38.1 |
| APM peak | 120 |
| eAPM avg | 21.4 |
| Villagers / military | 55 / 25 |
Focus
⚔️ 66.3% · 🌾 33.7%
Knight ×19 · Scout Cavalry ×6
Feudal
17:18
Castle
24:17
Imperial
—
| APM avg | 40.2 |
| APM peak | 80 |
| eAPM avg | 17.2 |
| Villagers / military | 58 / 6 |
Focus
⚔️ 28.5% · 🌾 71.5%
Fishing Ship ×16 · Spearman ×6
Feudal
12:14
Castle
24:43
Imperial
—
| APM avg | 52.7 |
| APM peak | 101 |
| eAPM avg | 26.8 |
| Villagers / military | 49 / 36 |
Focus
⚔️ 21.9% · 🌾 78.1%
Archer ×33 · Skirmisher ×3
Feudal
15:05
Castle
18:41
Imperial
—
| APM avg | 37.1 |
| APM peak | 77 |
| eAPM avg | 15.7 |
| Villagers / military | 93 / 0 |
Focus
⚔️ 9.1% · 🌾 90.9%
Feudal
14:08
Castle
19:02
Imperial
—
| APM avg | 30.3 |
| APM peak | 71 |
| eAPM avg | 15.0 |
| Villagers / military | 66 / 5 |
Focus
⚔️ 12.9% · 🌾 87.1%
War Wagon ×5
Feudal
14:15
Castle
19:32
Imperial
—
| APM avg | 25.3 |
| APM peak | 44 |
| eAPM avg | 10.2 |
| Villagers / military | 33 / 10 |
Focus
⚔️ 16.1% · 🌾 83.9%
Archer ×5 · Spearman ×4 · Fishing Ship ×2 · Skirmisher ×1
Feudal
12:01
Castle
—
Imperial
—
| APM avg | 50.2 |
| APM peak | 82 |
| eAPM avg | 23.1 |
| Villagers / military | 65 / 19 |
Focus
⚔️ 20.9% · 🌾 79.1%
Archer ×9 · Skirmisher ×6 · Spearman ×4
Feudal
13:39
Castle
25:04
Imperial
—
| APM avg | 29.6 |
| APM peak | 68 |
| eAPM avg | 11.5 |
| Villagers / military | 56 / 10 |
Focus
⚔️ 27.7% · 🌾 72.3%
Scout Cavalry ×10
Match map
Initial resources + every placement click. Lines = walls · curves = elevation contours. ◆ gold · ⬟ stone · ● berries · ✦ relic · ◌ wall gap
Your base· Open — unwalled flank
biubiu's base· Open — unwalled flank
.Bast's base· Open — unwalled flank
FoldedAunt23528's base· Open — 13t gap
Milongo's base· Open — unwalled flank
Er Gouzi's base· Open — unwalled flank
danchoi's base· Open — 8t gap
Codiman's base· Open — 13t gap
Smoothed initial terrain · ◌ = detected wall gap · hover for details
Inputs per minute
— Dadagama - - biubiu
Build order — Dadagama
103 actions detected in the replay
| 0:12 | Build | Town Center |
| 0:31 | Build | Palisade Wall |
| 0:34 | Build | Palisade Wall |
| 0:39 | Build | Palisade Wall |
| 0:40 | Build | Palisade Wall |
| 0:43 | Build | Palisade Wall |
| 1:01 | Build | Palisade Wall |
| 1:12 | Build | Palisade Wall |
| 1:17 | Build | Palisade Wall |
| 1:19 | Build | Palisade Wall |
| 1:52 | Build | Palisade Wall |
| 1:53 | Build | Palisade Wall |
| 1:56 | Build | Palisade Wall |
| 2:28 | Build | House |
| 2:31 | Queue | Villager (Male) ×5 |
| 3:17 | Research | Loom |
| 3:18 | Queue | Villager (Male) ×3 |
| 3:22 | Queue | Villager (Male) |
| 4:07 | Queue | Villager (Male) |
| 4:07 | Queue | Villager (Male) |
| 4:21 | Build | House |
| 4:31 | Queue | Villager (Male) |
| 4:31 | Queue | Villager (Male) |
| 5:01 | Build | Lumber Camp |
| 5:07 | Build | House |
| 5:10 | Build | House |
| 5:38 | Queue | Villager (Male) |
| 5:38 | Queue | Villager (Male) |
| 6:26 | Queue | Villager (Male) |
| 6:26 | Queue | Villager (Male) |
| 6:40 | Queue | Villager (Male) |
| 6:41 | Queue | Villager (Male) |
| 7:03 | Queue | Villager (Male) |
| 7:03 | Queue | Villager (Male) |
| 7:30 | Queue | Villager (Male) |
| 7:30 | Queue | Villager (Male) |
| 7:31 | Queue | Villager (Male) |
| 8:08 | Queue | Villager (Male) |
| 8:09 | Queue | Villager (Male) |
| 8:42 | Queue | Villager (Male) |
| 9:10 | Build | Mill |
| 9:33 | Queue | Villager (Male) |
| 10:18 | Queue | Villager (Male) |
| 10:21 | Research | Feudal Age |
| 11:32 | Build | Barracks |
| 11:36 | Build | House |
| 11:37 | Build | House |
| 11:52 | Queue | Villager (Male) |
| 11:52 | Queue | Villager (Male) |
| 11:52 | Queue | Villager (Male) |
| 12:45 | Age | Feudal Age |
| 12:47 | Build | Stable |
| 12:49 | Research | Double-Bit Axe |
| 12:53 | Build | Blacksmith |
| 13:16 | Queue | Villager (Male) |
| 13:17 | Queue | Villager (Male) |
| 13:26 | Queue | Scout Cavalry ×4 |
| 14:04 | Build | House |
| 14:13 | Build | House |
| 14:22 | Queue | Villager (Male) |
| 14:23 | Queue | Villager (Male) |
| 14:31 | Build | Mining Camp |
| 14:44 | Build | Market |
| 15:09 | Queue | Villager (Male) |
| 15:13 | Research | Forging |
| 15:38 | Research | Scale Barding Armor |
| 15:41 | Queue | Villager (Male) |
| 15:41 | Queue | Villager (Male) |
| 16:01 | Queue | Villager (Male) |
| 16:01 | Queue | Villager (Male) |
| 17:40 | Queue | Villager (Male) |
| 17:40 | Queue | Villager (Male) |
| 17:58 | Build | Mill |
| 18:02 | Queue | Villager (Male) |
| 18:02 | Queue | Villager (Male) |
| 18:12 | Build | Mill |
| 18:37 | Queue | Villager (Male) |
| 18:37 | Queue | Villager (Male) |
| 19:59 | Research | Castle Age |
| 20:24 | Research | Bloodlines |
| 20:40 | Build | Stable |
| 20:42 | Build | Stable |
| 20:56 | Queue | Villager (Male) |
| 20:56 | Queue | Villager (Male) |
| 20:59 | Build | House |
| 21:00 | Build | House |
| 21:00 | Build | House |
| 21:00 | Build | House |
| 21:00 | Build | House |
| 21:04 | Build | House |
| 21:21 | Queue | Scout Cavalry ×2 |
| 22:23 | Queue | Villager (Male) ×5 |
| 22:25 | Age | Castle Age |
| 22:31 | Queue | Knight ×2 |
| 22:58 | Queue | Knight ×2 |
| 22:58 | Queue | Knight ×2 |
| 23:00 | Queue | Villager (Male) |
| 23:14 | Queue | Knight ×5 |
| 23:57 | Research | Chain Barding Armor |
| 25:31 | Queue | Knight ×4 |
| 25:38 | Research | Gold Mining |
| 25:45 | Queue | Knight ×4 |
| 26:03 | Build | Mill |
Build order — biubiu
First 150 of 176 actions detected
| 0:31 | Build | Town Center |
| 2:50 | Build | House |
| 2:50 | Queue | Villager (Male) |
| 2:51 | Queue | Villager (Male) |
| 2:51 | Queue | Villager (Male) |
| 2:51 | Queue | Villager (Male) |
| 2:51 | Queue | Villager (Male) |
| 4:04 | Queue | Villager (Male) |
| 4:04 | Queue | Villager (Male) |
| 4:25 | Queue | Villager (Male) |
| 4:26 | Queue | Villager (Male) |
| 4:58 | Queue | Villager (Male) |
| 4:58 | Queue | Villager (Male) |
| 5:16 | Queue | Villager (Male) |
| 5:17 | Queue | Villager (Male) |
| 5:27 | Queue | Villager (Male) |
| 5:27 | Queue | Villager (Male) |
| 5:31 | Build | House |
| 5:34 | Research | Loom |
| 5:39 | Build | Lumber Camp |
| 5:42 | Queue | Villager (Male) |
| 5:42 | Queue | Villager (Male) |
| 5:43 | Queue | Villager (Male) |
| 6:29 | Queue | Villager (Male) |
| 6:29 | Queue | Villager (Male) |
| 6:50 | Queue | Villager (Male) |
| 6:50 | Queue | Villager (Male) |
| 6:50 | Queue | Villager (Male) |
| 7:11 | Build | House |
| 7:59 | Build | House |
| 8:20 | Queue | Villager (Male) |
| 8:28 | Queue | Villager (Male) |
| 8:28 | Queue | Villager (Male) |
| 9:13 | Queue | Villager (Male) |
| 9:14 | Queue | Villager (Male) |
| 9:14 | Queue | Villager (Male) |
| 9:20 | Build | Dock |
| 9:28 | Build | Dock |
| 9:52 | Queue | Fishing Ship |
| 9:53 | Queue | Fishing Ship |
| 10:19 | Queue | Villager (Male) |
| 10:19 | Queue | Villager (Male) |
| 10:23 | Queue | Fishing Ship |
| 11:11 | Queue | Villager (Male) |
| 11:11 | Queue | Villager (Male) |
| 11:18 | Build | House |
| 11:31 | Build | House |
| 11:51 | Build | House |
| 11:52 | Build | House |
| 12:06 | Queue | Villager (Male) |
| 12:09 | Queue | Fishing Ship |
| 12:13 | Build | Dock |
| 12:26 | Queue | Villager (Male) |
| 12:27 | Queue | Villager (Male) |
| 12:28 | Queue | Fishing Ship |
| 12:36 | Build | House |
| 12:38 | Build | House |
| 12:56 | Queue | Fishing Ship |
| 12:56 | Queue | Fishing Ship |
| 13:03 | Queue | Villager (Male) |
| 13:04 | Queue | Villager (Male) |
| 13:05 | Queue | Fishing Ship |
| 13:07 | Build | House |
| 13:26 | Build | House |
| 13:29 | Build | House |
| 13:41 | Queue | Villager (Male) |
| 13:42 | Queue | Fishing Ship |
| 13:43 | Queue | Fishing Ship |
| 13:51 | Build | Mill |
| 14:00 | Queue | Villager (Male) |
| 14:09 | Queue | Fishing Ship |
| 14:10 | Queue | Fishing Ship |
| 14:11 | Queue | Villager (Male) |
| 14:29 | Build | Palisade Wall |
| 14:30 | Build | Palisade Wall |
| 14:32 | Build | Palisade Wall |
| 14:44 | Build | House |
| 14:53 | Research | Feudal Age |
| 14:53 | Research | Feudal Age |
| 15:41 | Build | House |
| 15:57 | Build | House |
| 16:18 | Build | Barracks |
| 16:20 | Build | House |
| 16:23 | Build | Palisade Wall |
| 16:28 | Build | Palisade Wall |
| 16:37 | Build | Palisade Wall |
| 16:40 | Build | Palisade Wall |
| 16:55 | Build | Palisade Wall |
| 16:58 | Queue | Villager (Male) |
| 16:58 | Queue | Villager (Male) |
| 17:10 | Build | Mining Camp |
| 17:15 | Queue | Villager (Male) |
| 17:18 | Age | Feudal Age |
| 17:20 | Queue | Spearman |
| 17:21 | Queue | Spearman |
| 17:39 | Queue | Spearman |
| 18:03 | Build | Palisade Wall |
| 18:05 | Build | Palisade Wall |
| 18:07 | Build | Palisade Wall |
| 18:09 | Build | Palisade Wall |
| 18:10 | Build | Palisade Wall |
| 18:17 | Queue | Spearman |
| 18:19 | Build | House |
| 18:22 | Build | Palisade Wall |
| 18:25 | Build | Palisade Wall |
| 18:28 | Build | Lumber Camp |
| 18:30 | Build | Palisade Wall |
| 18:31 | Build | House |
| 18:33 | Build | Palisade Wall |
| 18:34 | Build | Palisade Wall |
| 18:36 | Build | Palisade Wall |
| 18:42 | Queue | Villager (Male) |
| 18:42 | Queue | Villager (Male) |
| 18:53 | Queue | Spearman |
| 19:01 | Build | Fish Trap |
| 19:05 | Build | Fish Trap |
| 19:11 | Queue | Villager (Male) |
| 19:12 | Queue | Villager (Male) |
| 19:27 | Build | Market |
| 19:29 | Build | Blacksmith |
| 19:45 | Queue | Spearman |
| 19:59 | Build | Fish Trap |
| 20:03 | Build | Fish Trap |
| 20:06 | Build | Fish Trap |
| 20:10 | Build | Fish Trap |
| 20:14 | Build | Fish Trap |
| 20:22 | Queue | Villager (Male) |
| 20:22 | Queue | Villager (Male) |
| 20:22 | Queue | Villager (Male) |
| 21:12 | Build | House |
| 21:14 | Build | House |
| 21:15 | Build | House |
| 21:21 | Build | Palisade Wall |
| 21:28 | Build | Palisade Wall |
| 21:30 | Research | Castle Age |
| 21:31 | Research | Double-Bit Axe |
| 21:31 | Research | Double-Bit Axe |
| 21:33 | Research | Tech 906 |
| 21:33 | Research | Tech 906 |
| 21:36 | Queue | Fishing Ship |
| 21:36 | Queue | Fishing Ship |
| 21:46 | Build | Mining Camp |
| 21:51 | Build | Palisade Wall |
| 21:53 | Build | Palisade Wall |
| 22:37 | Build | Fish Trap |
| 23:01 | Build | Fish Trap |
| 23:07 | Build | House |
| 23:08 | Build | House |
| 23:20 | Build | Fish Trap |
| 23:23 | Queue | Fishing Ship |
Build order — .Bast
147 actions detected in the replay
| 0:44 | Build | Town Center |
| 2:58 | Research | Loom |
| 3:47 | Queue | Villager (Male) |
| 4:09 | Queue | Villager (Male) |
| 4:09 | Queue | Villager (Male) |
| 4:09 | Queue | Villager (Male) |
| 4:32 | Queue | Villager (Male) |
| 4:33 | Queue | Villager (Male) |
| 4:37 | Build | Lumber Camp |
| 5:01 | Queue | Villager (Male) |
| 5:18 | Queue | Villager (Male) |
| 5:18 | Queue | Villager (Male) |
| 5:54 | Queue | Villager (Male) |
| 6:04 | Queue | Villager (Male) |
| 6:12 | Build | House |
| 6:27 | Build | House |
| 6:40 | Queue | Villager (Male) |
| 6:40 | Queue | Villager (Male) |
| 6:47 | Build | House |
| 6:54 | Build | House |
| 6:55 | Queue | Villager (Male) |
| 6:57 | Queue | Villager (Male) |
| 7:16 | Build | House |
| 7:20 | Build | Palisade Wall |
| 7:34 | Build | House |
| 7:38 | Queue | Villager (Male) |
| 8:00 | Build | Palisade Wall |
| 8:17 | Queue | Villager (Male) |
| 8:46 | Build | Barracks |
| 8:48 | Queue | Villager (Male) |
| 9:07 | Queue | Villager (Male) |
| 9:30 | Queue | Villager (Male) |
| 10:02 | Research | Feudal Age |
| 10:20 | Build | Mining Camp |
| 11:06 | Build | House |
| 11:08 | Queue | Villager (Male) |
| 11:41 | Build | House |
| 12:01 | Queue | Villager (Male) |
| 12:14 | Age | Feudal Age |
| 12:18 | Build | Archery Range |
| 12:21 | Build | Archery Range |
| 12:56 | Queue | Villager (Male) |
| 13:13 | Build | Blacksmith |
| 13:14 | Queue | Archer |
| 13:15 | Queue | Archer |
| 13:18 | Queue | Villager (Male) |
| 13:29 | Queue | Villager (Male) |
| 13:43 | Queue | Archer |
| 13:44 | Queue | Archer |
| 13:45 | Queue | Villager (Male) |
| 14:01 | Research | Fletching |
| 14:05 | Build | House |
| 14:15 | Queue | Archer |
| 14:16 | Queue | Archer |
| 14:39 | Queue | Villager (Male) |
| 14:42 | Queue | Villager (Male) |
| 14:47 | Build | Palisade Wall |
| 14:48 | Queue | Villager (Male) |
| 14:49 | Queue | Archer |
| 14:50 | Queue | Villager (Male) |
| 14:58 | Queue | Archer |
| 14:58 | Queue | Archer |
| 15:00 | Queue | Villager (Male) |
| 15:28 | Queue | Archer |
| 15:29 | Queue | Villager (Male) |
| 15:41 | Queue | Villager (Male) |
| 15:45 | Queue | Skirmisher |
| 15:45 | Queue | Skirmisher |
| 15:46 | Queue | Villager (Male) |
| 15:49 | Build | Mill |
| 16:06 | Build | House |
| 16:08 | Build | House |
| 16:11 | Queue | Skirmisher |
| 16:36 | Queue | Archer |
| 16:36 | Queue | Archer |
| 16:38 | Queue | Villager (Male) |
| 16:42 | Queue | Archer |
| 16:42 | Queue | Archer |
| 16:58 | Queue | Archer |
| 16:58 | Queue | Archer |
| 16:58 | Queue | Villager (Male) |
| 17:16 | Queue | Villager (Male) |
| 17:18 | Build | Farm |
| 17:39 | Build | Farm |
| 18:08 | Build | House |
| 18:10 | Build | House |
| 18:11 | Queue | Villager (Male) |
| 18:12 | Queue | Archer |
| 18:12 | Queue | Archer |
| 18:54 | Build | Farm |
| 18:56 | Build | Farm |
| 19:08 | Queue | Villager (Male) |
| 19:09 | Queue | Archer |
| 19:10 | Queue | Archer |
| 19:16 | Research | Double-Bit Axe |
| 19:16 | Research | Double-Bit Axe |
| 19:25 | Build | House |
| 19:35 | Queue | Villager (Male) |
| 19:50 | Queue | Archer |
| 19:50 | Queue | Archer |
| 19:56 | Build | House |
| 19:57 | Queue | Villager (Male) |
| 20:49 | Queue | Villager (Male) |
| 20:50 | Queue | Archer |
| 20:50 | Queue | Archer |
| 21:18 | Queue | Villager (Male) |
| 21:25 | Build | Market |
| 21:30 | Queue | Archer |
| 21:30 | Queue | Archer |
| 21:31 | Queue | Villager (Male) |
| 21:43 | Research | Castle Age |
| 21:45 | Research | Padded Archer Armor |
| 21:53 | Research | Horse Collar |
| 22:08 | Build | Farm |
| 22:12 | Build | Farm |
| 22:23 | Build | Farm |
| 22:30 | Build | Farm |
| 22:31 | Build | Farm |
| 22:33 | Queue | Archer |
| 22:34 | Queue | Villager (Male) |
| 22:47 | Build | Farm |
| 22:57 | Build | House |
| 23:07 | Queue | Villager (Male) |
| 23:16 | Research | Gold Mining |
| 23:29 | Build | House |
| 23:41 | Build | Lumber Camp |
| 23:49 | Build | Farm |
| 23:52 | Build | Farm |
| 23:53 | Queue | Archer |
| 23:57 | Queue | Archer |
| 24:07 | Build | Outpost |
| 24:09 | Build | Outpost |
| 24:22 | Queue | Archer |
| 24:22 | Queue | Archer |
| 24:43 | Age | Castle Age |
| 24:46 | Research | Bodkin Arrow |
| 24:47 | Research | Crossbowman (upgrade) |
| 24:57 | Build | University |
| 25:09 | Queue | Villager (Male) |
| 25:15 | Build | House |
| 25:31 | Queue | Villager (Male) |
| 25:43 | Build | Monastery |
| 25:47 | Queue | Villager (Male) |
| 26:03 | Build | Farm |
| 26:04 | Build | Farm |
| 26:09 | Queue | Archer |
| 26:09 | Queue | Archer |
Build order — FoldedAunt23528
149 actions detected in the replay
| 0:14 | Build | House |
| 0:53 | Build | Town Center |
| 1:10 | Build | Mill |
| 2:18 | Build | House |
| 2:22 | Build | House |
| 2:23 | Build | House |
| 3:00 | Queue | Villager (Male) ×4 |
| 3:00 | Queue | Villager (Male) ×4 |
| 3:23 | Research | Loom |
| 3:23 | Research | Loom |
| 3:49 | Queue | Villager (Male) ×2 |
| 5:06 | Queue | Villager (Male) |
| 5:06 | Queue | Villager (Male) |
| 6:09 | Queue | Villager (Male) |
| 6:39 | Queue | Villager (Male) |
| 6:40 | Queue | Villager (Male) |
| 6:59 | Queue | Villager (Male) |
| 7:00 | Queue | Villager (Male) |
| 7:22 | Queue | Villager (Male) ×2 |
| 7:22 | Queue | Villager (Male) ×2 |
| 7:58 | Queue | Villager (Male) |
| 7:58 | Queue | Villager (Male) |
| 8:43 | Queue | Villager (Male) ×2 |
| 8:43 | Queue | Villager (Male) ×2 |
| 9:18 | Queue | Villager (Male) ×4 |
| 9:18 | Queue | Villager (Male) ×4 |
| 9:18 | Queue | Villager (Male) ×4 |
| 10:05 | Build | Mill |
| 11:09 | Build | Lumber Camp |
| 11:13 | Queue | Villager (Male) |
| 11:13 | Queue | Villager (Male) |
| 11:34 | Queue | Villager (Male) |
| 11:35 | Queue | Villager (Male) |
| 12:33 | Build | Mining Camp |
| 12:38 | Research | Feudal Age |
| 12:38 | Research | Feudal Age |
| 13:11 | Build | House |
| 13:18 | Build | House |
| 13:18 | Build | House |
| 14:05 | Queue | Villager (Male) |
| 14:05 | Queue | Villager (Male) |
| 14:05 | Queue | Villager (Male) |
| 14:32 | Build | House |
| 15:05 | Age | Feudal Age |
| 15:09 | Build | Market |
| 15:13 | Build | Blacksmith |
| 16:01 | Research | Castle Age |
| 16:01 | Research | Castle Age |
| 16:17 | Research | Double-Bit Axe |
| 16:17 | Research | Double-Bit Axe |
| 16:56 | Build | Farm |
| 17:05 | Build | Farm |
| 17:15 | Build | Farm |
| 17:19 | Research | Horse Collar |
| 17:19 | Research | Horse Collar |
| 18:05 | Queue | Villager (Male) |
| 18:05 | Queue | Villager (Male) |
| 18:05 | Queue | Villager (Male) |
| 18:05 | Queue | Villager (Male) |
| 18:05 | Queue | Villager (Male) |
| 18:41 | Age | Castle Age |
| 18:47 | Build | Town Center |
| 19:02 | Build | Town Center |
| 19:05 | Research | Bow Saw |
| 19:05 | Research | Bow Saw |
| 19:50 | Build | Town Center |
| 19:53 | Queue | Villager (Male) |
| 19:54 | Queue | Villager (Male) |
| 19:54 | Queue | Villager (Male) |
| 19:54 | Queue | Villager (Male) |
| 20:12 | Research | Stone Mining |
| 20:12 | Research | Stone Mining |
| 20:15 | Queue | Villager (Male) |
| 20:15 | Queue | Villager (Male) |
| 20:35 | Queue | Villager (Male) |
| 20:36 | Queue | Villager (Male) |
| 20:36 | Queue | Villager (Male) |
| 20:48 | Build | Farm |
| 20:50 | Queue | Villager (Male) |
| 20:51 | Queue | Villager (Male) |
| 20:51 | Queue | Villager (Male) |
| 21:06 | Queue | Villager (Male) |
| 21:21 | Build | Lumber Camp |
| 21:36 | Queue | Villager (Male) |
| 21:40 | Queue | Villager (Male) |
| 21:40 | Queue | Villager (Male) |
| 21:51 | Queue | Villager (Male) |
| 21:52 | Queue | Villager (Male) |
| 21:52 | Queue | Villager (Male) |
| 22:10 | Build | Farm |
| 22:11 | Build | Farm |
| 22:14 | Build | Farm |
| 22:16 | Queue | Villager (Male) |
| 22:17 | Queue | Villager (Male) |
| 22:19 | Queue | Villager (Male) |
| 22:20 | Queue | Villager (Male) |
| 22:20 | Queue | Villager (Male) |
| 22:29 | Build | Farm |
| 22:30 | Build | Farm |
| 22:30 | Build | Farm |
| 22:30 | Build | Farm |
| 22:31 | Build | Farm |
| 22:31 | Build | Farm |
| 22:31 | Build | Farm |
| 22:32 | Build | Farm |
| 22:32 | Build | Farm |
| 22:32 | Build | Farm |
| 22:34 | Build | Farm |
| 22:35 | Build | Farm |
| 22:41 | Queue | Villager (Male) |
| 22:41 | Queue | Villager (Male) |
| 22:42 | Queue | Villager (Male) |
| 22:54 | Build | Farm |
| 23:07 | Build | Farm |
| 23:08 | Build | Farm |
| 23:10 | Build | Farm |
| 23:13 | Queue | Villager (Male) |
| 23:14 | Queue | Villager (Male) |
| 23:14 | Queue | Villager (Male) |
| 23:15 | Queue | Villager (Male) |
| 23:15 | Queue | Villager (Male) |
| 23:15 | Queue | Villager (Male) |
| 23:35 | Queue | Villager (Male) |
| 23:35 | Queue | Villager (Male) |
| 23:41 | Build | Farm |
| 23:46 | Build | Farm |
| 23:51 | Build | Farm |
| 23:57 | Queue | Villager (Male) |
| 23:57 | Queue | Villager (Male) |
| 23:57 | Queue | Villager (Male) |
| 24:09 | Build | House |
| 24:09 | Build | House |
| 24:09 | Build | House |
| 24:10 | Build | House |
| 24:10 | Build | House |
| 24:10 | Build | House |
| 24:10 | Build | House |
| 24:11 | Build | House |
| 24:20 | Research | Town Watch |
| 24:20 | Research | Town Watch |
| 24:31 | Build | Castle |
| 24:51 | Research | Wheelbarrow |
| 24:51 | Research | Wheelbarrow |
| 24:51 | Research | Wheelbarrow |
| 25:08 | Build | Lumber Camp |
| 25:13 | Queue | Villager (Male) |
| 25:13 | Queue | Villager (Male) |
| 25:14 | Queue | Villager (Male) |
| 25:14 | Queue | Villager (Male) |
Build order — Milongo
121 actions detected in the replay
| 0:07 | Build | Town Center |
| 0:13 | Build | House |
| 2:21 | Queue | Villager (Male) |
| 2:21 | Queue | Villager (Male) |
| 2:22 | Queue | Villager (Male) |
| 2:22 | Queue | Villager (Male) |
| 2:53 | Build | House |
| 3:27 | Queue | Villager (Male) |
| 3:38 | Research | Loom |
| 3:43 | Queue | Villager (Male) |
| 3:48 | Queue | Villager (Male) |
| 3:57 | Queue | Villager (Male) |
| 3:57 | Queue | Villager (Male) |
| 4:17 | Queue | Villager (Male) |
| 4:52 | Queue | Villager (Male) |
| 5:05 | Build | Lumber Camp |
| 5:15 | Queue | Villager (Male) |
| 5:15 | Queue | Villager (Male) |
| 5:51 | Queue | Villager (Male) |
| 6:22 | Queue | Villager (Male) |
| 6:31 | Build | House |
| 6:32 | Build | House |
| 6:33 | Build | House |
| 7:00 | Queue | Villager (Male) |
| 7:14 | Queue | Villager (Male) |
| 7:48 | Queue | Villager (Male) |
| 7:55 | Build | Mill |
| 8:29 | Queue | Villager (Male) |
| 8:55 | Queue | Villager (Male) |
| 9:04 | Queue | Villager (Male) |
| 9:16 | Build | House |
| 9:30 | Queue | Villager (Male) |
| 9:40 | Build | Mill |
| 9:43 | Queue | Villager (Male) |
| 10:18 | Queue | Villager (Male) |
| 10:26 | Build | Mill |
| 10:55 | Queue | Villager (Male) |
| 11:12 | Build | Farm |
| 11:18 | Build | Mining Camp |
| 11:20 | Queue | Villager (Male) |
| 11:43 | Queue | Villager (Male) |
| 11:48 | Research | Feudal Age |
| 12:14 | Build | Farm |
| 12:50 | Build | Mill |
| 13:02 | Queue | Villager (Male) |
| 13:03 | Queue | Villager (Male) |
| 13:23 | Build | Outpost |
| 13:24 | Build | Outpost |
| 13:26 | Build | Outpost |
| 13:37 | Queue | Villager (Male) |
| 13:58 | Build | Palisade Wall |
| 13:59 | Build | Palisade Wall |
| 14:02 | Build | Palisade Wall |
| 14:08 | Age | Feudal Age |
| 14:12 | Build | Market |
| 15:12 | Queue | Villager (Male) |
| 15:15 | Build | Blacksmith |
| 15:35 | Research | Town Watch |
| 16:22 | Research | Castle Age |
| 17:05 | Build | Mining Camp |
| 17:11 | Research | Double-Bit Axe |
| 17:12 | Research | Horse Collar |
| 17:53 | Research | Stone Mining |
| 17:57 | Research | Gold Mining |
| 17:57 | Research | Gold Mining |
| 18:13 | Queue | Villager (Male) |
| 19:02 | Age | Castle Age |
| 19:06 | Build | Castle |
| 19:09 | Build | Mining Camp |
| 19:17 | Queue | Villager (Male) |
| 19:39 | Build | Farm |
| 19:58 | Queue | Villager (Male) |
| 20:06 | Queue | War Wagon |
| 20:07 | Queue | War Wagon |
| 20:19 | Queue | Villager (Male) |
| 20:57 | Queue | Villager (Male) |
| 21:00 | Build | Farm |
| 21:01 | Build | Farm |
| 21:01 | Build | Farm |
| 21:01 | Build | Farm |
| 21:11 | Build | Town Center |
| 21:23 | Queue | Villager (Male) |
| 21:25 | Queue | Villager (Male) |
| 21:27 | Queue | Villager (Male) |
| 21:54 | Queue | Villager (Male) |
| 22:03 | Build | Town Center |
| 22:06 | Queue | Villager (Male) |
| 22:42 | Queue | Villager (Male) |
| 22:43 | Queue | Villager (Male) |
| 23:05 | Queue | War Wagon |
| 23:06 | Queue | War Wagon |
| 23:19 | Queue | Villager (Male) |
| 23:20 | Queue | Villager (Male) |
| 23:20 | Queue | Villager (Male) |
| 23:26 | Queue | Villager (Male) ×5 |
| 23:35 | Build | Farm |
| 23:37 | Build | Farm |
| 23:39 | Queue | Villager (Male) |
| 23:52 | Queue | War Wagon |
| 24:03 | Build | Outpost |
| 24:20 | Queue | Villager (Male) |
| 24:25 | Build | Outpost |
| 24:26 | Queue | Villager (Male) |
| 24:27 | Queue | Villager (Male) |
| 24:27 | Queue | Villager (Male) |
| 24:29 | Build | Farm |
| 24:30 | Queue | Villager (Male) |
| 24:30 | Queue | Villager (Male) |
| 24:41 | Queue | Villager (Male) |
| 24:57 | Build | Outpost |
| 25:04 | Queue | Villager (Male) |
| 25:05 | Queue | Villager (Male) |
| 25:15 | Queue | Villager (Male) |
| 25:15 | Queue | Villager (Male) |
| 25:21 | Build | Farm |
| 25:23 | Build | Farm |
| 25:28 | Queue | Villager (Male) |
| 25:28 | Queue | Villager (Male) |
| 25:54 | Build | Town Center |
| 26:05 | Build | Town Center |
| 26:13 | Queue | Villager (Male) |
Build order — Er Gouzi
74 actions detected in the replay
| 1:04 | Build | Town Center |
| 1:19 | Build | House |
| 1:21 | Build | House |
| 2:21 | Build | Lumber Camp |
| 3:11 | Queue | Villager (Male) |
| 3:11 | Queue | Villager (Male) |
| 3:11 | Queue | Villager (Male) |
| 3:12 | Queue | Villager (Male) |
| 3:12 | Queue | Villager (Male) |
| 4:27 | Queue | Villager (Male) |
| 5:01 | Queue | Villager (Male) |
| 5:20 | Research | Loom |
| 5:21 | Queue | Villager (Male) |
| 5:28 | Build | Lumber Camp |
| 5:57 | Queue | Villager (Male) |
| 6:12 | Queue | Villager (Male) |
| 7:12 | Queue | Villager (Male) |
| 7:55 | Queue | Villager (Male) |
| 7:55 | Queue | Villager (Male) |
| 7:55 | Queue | Villager (Male) |
| 8:06 | Build | House |
| 8:12 | Build | House |
| 8:36 | Queue | Villager (Male) |
| 9:03 | Queue | Villager (Male) |
| 9:26 | Queue | Villager (Male) |
| 9:48 | Build | Mill |
| 10:01 | Queue | Villager (Male) |
| 10:22 | Queue | Villager (Male) |
| 10:53 | Queue | Villager (Male) |
| 11:24 | Queue | Villager (Male) |
| 11:55 | Build | Mining Camp |
| 12:05 | Research | Feudal Age |
| 12:17 | Build | Barracks |
| 12:52 | Build | Palisade Wall |
| 13:13 | Build | House |
| 14:01 | Queue | Villager (Male) |
| 14:13 | Build | House |
| 14:15 | Age | Feudal Age |
| 14:18 | Queue | Villager (Male) |
| 14:30 | Build | Archery Range |
| 14:42 | Build | Market |
| 14:51 | Queue | Villager (Male) |
| 15:05 | Queue | Spearman |
| 15:18 | Queue | Villager (Male) |
| 15:30 | Build | Palisade Gate |
| 15:36 | Build | Palisade Wall |
| 15:45 | Queue | Archer |
| 16:00 | Queue | Villager (Male) |
| 16:41 | Queue | Archer |
| 16:52 | Research | Castle Age |
| 17:21 | Queue | Archer |
| 17:34 | Research | Double-Bit Axe |
| 17:38 | Queue | Archer |
| 17:41 | Queue | Spearman |
| 18:13 | Build | Dock |
| 18:32 | Build | House |
| 18:49 | Queue | Spearman |
| 18:55 | Queue | Fishing Ship |
| 19:13 | Queue | Archer |
| 19:32 | Age | Castle Age |
| 20:18 | Queue | Villager (Male) |
| 20:21 | Queue | Villager (Male) |
| 20:29 | Research | Crossbowman (upgrade) |
| 21:10 | Build | Town Center |
| 21:19 | Queue | Skirmisher |
| 21:48 | Queue | Spearman |
| 21:59 | Queue | Villager (Male) |
| 22:26 | Build | Castle |
| 22:44 | Queue | Villager (Male) |
| 23:05 | Queue | Fishing Ship |
| 24:00 | Queue | Villager (Male) |
| 24:14 | Queue | Villager (Male) |
| 24:24 | Build | Town Center |
| 24:48 | Queue | Villager (Male) |
Build order — danchoi
129 actions detected in the replay
| 0:10 | Build | Town Center |
| 0:33 | Build | House |
| 2:17 | Queue | Villager (Male) |
| 2:18 | Queue | Villager (Male) |
| 2:18 | Queue | Villager (Male) |
| 2:18 | Queue | Villager (Male) |
| 2:18 | Queue | Villager (Male) |
| 3:51 | Queue | Villager (Male) |
| 3:52 | Queue | Villager (Male) |
| 4:15 | Build | House |
| 4:34 | Queue | Villager (Male) |
| 4:34 | Queue | Villager (Male) |
| 4:35 | Queue | Villager (Male) |
| 4:44 | Build | Lumber Camp |
| 4:55 | Queue | Villager (Male) |
| 4:55 | Queue | Villager (Male) |
| 4:57 | Queue | Villager (Male) |
| 4:57 | Queue | Villager (Male) |
| 5:40 | Queue | Villager (Male) |
| 5:40 | Queue | Villager (Male) |
| 6:06 | Queue | Villager (Male) |
| 6:07 | Queue | Villager (Male) |
| 6:07 | Queue | Villager (Male) |
| 6:07 | Queue | Villager (Male) |
| 6:21 | Build | Mill |
| 6:32 | Queue | Villager (Male) |
| 6:33 | Queue | Villager (Male) |
| 6:49 | Queue | Villager (Male) |
| 6:50 | Queue | Villager (Male) |
| 7:03 | Queue | Villager (Male) |
| 7:04 | Queue | Villager (Male) |
| 7:06 | Build | House |
| 7:10 | Research | Loom |
| 7:24 | Queue | Villager (Male) |
| 7:24 | Queue | Villager (Male) |
| 7:25 | Queue | Villager (Male) |
| 7:31 | Queue | Villager (Male) |
| 7:33 | Queue | Villager (Male) |
| 7:33 | Queue | Villager (Male) |
| 7:58 | Queue | Villager (Male) |
| 8:02 | Queue | Villager (Male) |
| 8:02 | Queue | Villager (Male) |
| 8:04 | Queue | Villager (Male) |
| 8:26 | Build | House |
| 8:31 | Queue | Villager (Male) |
| 8:59 | Queue | Villager (Male) |
| 9:07 | Queue | Villager (Male) |
| 9:15 | Queue | Villager (Male) |
| 9:37 | Queue | Villager (Male) |
| 9:41 | Build | House |
| 9:49 | Research | Feudal Age |
| 9:49 | Research | Feudal Age |
| 9:55 | Build | Mining Camp |
| 9:58 | Build | House |
| 10:46 | Build | Barracks |
| 11:27 | Build | House |
| 11:52 | Queue | Villager (Male) |
| 11:52 | Queue | Villager (Male) |
| 12:01 | Age | Feudal Age |
| 12:03 | Build | Archery Range |
| 12:05 | Queue | Villager (Male) |
| 12:25 | Queue | Villager (Male) |
| 12:29 | Queue | Villager (Male) |
| 12:34 | Research | Double-Bit Axe |
| 12:34 | Research | Double-Bit Axe |
| 12:34 | Research | Double-Bit Axe |
| 12:35 | Queue | Villager (Male) |
| 12:50 | Build | House |
| 12:51 | Queue | Archer |
| 12:56 | Queue | Villager (Male) |
| 13:02 | Queue | Villager (Male) |
| 13:04 | Queue | Archer |
| 13:30 | Queue | Villager (Male) |
| 13:37 | Queue | Villager (Male) |
| 13:48 | Queue | Archer |
| 13:51 | Build | Blacksmith |
| 14:18 | Queue | Skirmisher |
| 14:20 | Queue | Villager (Male) |
| 14:22 | Research | Fletching |
| 14:22 | Research | Fletching |
| 14:36 | Queue | Villager (Male) |
| 14:45 | Build | Lumber Camp |
| 14:48 | Queue | Skirmisher |
| 14:51 | Research | Padded Archer Armor |
| 15:01 | Queue | Villager (Male) |
| 15:03 | Build | House |
| 15:04 | Build | House |
| 15:05 | Queue | Villager (Male) |
| 15:11 | Queue | Archer |
| 15:24 | Queue | Skirmisher |
| 15:58 | Build | House |
| 16:01 | Queue | Archer |
| 16:12 | Queue | Skirmisher |
| 16:46 | Build | House |
| 16:47 | Queue | Spearman |
| 17:00 | Build | Watch Tower |
| 17:05 | Queue | Spearman |
| 17:18 | Build | Mining Camp |
| 17:24 | Queue | Skirmisher |
| 17:59 | Queue | Villager (Male) |
| 18:10 | Queue | Villager (Male) |
| 18:17 | Queue | Skirmisher |
| 18:29 | Build | House |
| 18:30 | Build | Palisade Wall |
| 18:36 | Queue | Spearman |
| 18:44 | Queue | Villager (Male) |
| 18:47 | Queue | Archer |
| 19:01 | Build | Farm |
| 19:02 | Build | Farm |
| 19:05 | Queue | Archer |
| 20:03 | Build | Palisade Gate |
| 20:10 | Queue | Villager (Male) |
| 20:18 | Queue | Villager (Male) |
| 20:38 | Build | Palisade Wall |
| 21:09 | Build | Town Center |
| 21:53 | Build | House |
| 21:55 | Build | Palisade Wall |
| 22:12 | Queue | Villager (Male) |
| 22:14 | Build | Farm |
| 22:15 | Build | Farm |
| 22:23 | Build | Farm |
| 22:28 | Build | Watch Tower |
| 22:33 | Queue | Villager (Male) |
| 22:36 | Queue | Villager (Male) |
| 22:51 | Queue | Villager (Male) |
| 22:53 | Queue | Villager (Male) |
| 23:04 | Queue | Archer |
| 23:04 | Queue | Archer |
| 23:34 | Queue | Spearman |
Build order — Codiman
122 actions detected in the replay
| 0:52 | Build | Town Center |
| 2:29 | Build | House |
| 3:08 | Research | Loom |
| 3:08 | Queue | Villager (Male) |
| 3:08 | Queue | Villager (Male) |
| 3:08 | Queue | Villager (Male) |
| 3:08 | Queue | Villager (Male) |
| 3:09 | Queue | Villager (Male) |
| 3:09 | Queue | Villager (Male) |
| 3:13 | Build | House |
| 4:27 | Queue | Villager (Male) |
| 4:27 | Queue | Villager (Male) |
| 5:39 | Queue | Villager (Male) |
| 5:40 | Queue | Villager (Male) |
| 5:40 | Queue | Villager (Male) |
| 6:48 | Queue | Villager (Male) |
| 6:49 | Queue | Villager (Male) |
| 6:49 | Queue | Villager (Male) |
| 7:15 | Build | House |
| 7:17 | Build | House |
| 7:23 | Queue | Villager (Male) |
| 7:24 | Queue | Villager (Male) |
| 7:45 | Queue | Villager (Male) |
| 7:45 | Queue | Villager (Male) |
| 7:47 | Queue | Villager (Male) |
| 7:52 | Build | Lumber Camp |
| 7:53 | Queue | Villager (Male) |
| 8:42 | Queue | Villager (Male) |
| 8:43 | Queue | Villager (Male) |
| 8:43 | Queue | Villager (Male) |
| 8:43 | Queue | Villager (Male) |
| 9:09 | Queue | Villager (Male) |
| 10:47 | Queue | Villager (Male) |
| 10:51 | Build | Mill |
| 11:28 | Research | Feudal Age |
| 11:28 | Research | Feudal Age |
| 11:28 | Research | Feudal Age |
| 11:39 | Build | House |
| 11:42 | Build | House |
| 11:45 | Build | House |
| 12:16 | Queue | Villager (Male) |
| 12:16 | Queue | Villager (Male) |
| 12:47 | Build | Barracks |
| 13:26 | Build | Palisade Wall |
| 13:27 | Build | Palisade Wall |
| 13:28 | Build | Palisade Wall |
| 13:29 | Build | Palisade Wall |
| 13:31 | Build | Palisade Wall |
| 13:39 | Age | Feudal Age |
| 14:35 | Build | Stable |
| 14:41 | Queue | Villager (Male) |
| 14:42 | Queue | Villager (Male) |
| 14:45 | Queue | Villager (Male) |
| 15:06 | Queue | Scout Cavalry |
| 15:06 | Queue | Scout Cavalry |
| 15:06 | Queue | Scout Cavalry |
| 15:06 | Queue | Scout Cavalry |
| 15:24 | Build | Palisade Wall |
| 15:29 | Build | Palisade Gate |
| 15:35 | Queue | Villager (Male) |
| 15:35 | Queue | Villager (Male) |
| 15:42 | Build | Blacksmith |
| 15:44 | Build | House |
| 15:45 | Queue | Villager (Male) |
| 15:45 | Queue | Villager (Male) |
| 15:48 | Queue | Scout Cavalry |
| 15:57 | Queue | Scout Cavalry |
| 16:20 | Queue | Villager (Male) |
| 16:23 | Research | Tech 1014 |
| 16:30 | Research | Double-Bit Axe |
| 16:32 | Queue | Villager (Male) |
| 16:39 | Build | Palisade Wall |
| 16:43 | Build | Palisade Wall |
| 16:54 | Queue | Villager (Male) |
| 17:03 | Queue | Villager (Male) |
| 17:03 | Queue | Villager (Male) |
| 17:30 | Research | Forging |
| 18:01 | Queue | Villager (Male) |
| 18:01 | Queue | Villager (Male) |
| 18:13 | Queue | Villager (Male) |
| 18:13 | Queue | Villager (Male) |
| 18:23 | Build | Mill |
| 18:23 | Queue | Villager (Male) |
| 18:46 | Queue | Villager (Male) |
| 19:00 | Build | Mining Camp |
| 19:34 | Queue | Villager (Male) |
| 19:59 | Queue | Villager (Male) |
| 20:10 | Queue | Villager (Male) |
| 20:22 | Queue | Scout Cavalry |
| 20:22 | Queue | Scout Cavalry |
| 20:22 | Queue | Scout Cavalry |
| 20:47 | Build | Mill |
| 20:48 | Queue | Villager (Male) |
| 20:59 | Build | House |
| 20:59 | Build | House |
| 20:59 | Build | House |
| 20:59 | Build | House |
| 21:02 | Build | House |
| 21:04 | Build | House |
| 21:09 | Research | Wheelbarrow |
| 21:26 | Queue | Scout Cavalry |
| 21:40 | Research | Scale Barding Armor |
| 21:52 | Queue | Villager (Male) |
| 22:22 | Research | Castle Age |
| 22:29 | Build | Stable |
| 23:21 | Build | Stable |
| 23:30 | Queue | Villager (Male) |
| 23:32 | Queue | Villager (Male) |
| 23:42 | Build | Mining Camp |
| 24:32 | Build | Mill |
| 24:41 | Build | House |
| 24:42 | Build | House |
| 24:45 | Build | House |
| 24:47 | Build | House |
| 25:04 | Age | Castle Age |
| 25:08 | Build | Town Center |
| 25:18 | Build | Town Center |
| 25:39 | Queue | Villager (Male) |
| 25:40 | Queue | Villager (Male) |
| 25:49 | Research | Bow Saw |
| 26:06 | Build | Town Center |
| 26:13 | Queue | Villager (Male) |
Match timeline
| 0:31 | Dadagama · wall_segment Palisade Wall x1 |
| 0:34 | Dadagama · wall_segment Palisade Wall x1 |
| 0:39 | Dadagama · wall_segment Palisade Wall x1 |
| 0:40 | Dadagama · wall_segment Palisade Wall x1 |
| 0:43 | Dadagama · wall_segment Palisade Wall x1 |
| 1:01 | Dadagama · wall_segment Palisade Wall x1 |
| 1:12 | Dadagama · wall_segment Palisade Wall x1 |
| 1:17 | Dadagama · wall_segment Palisade Wall x1 |
| 1:19 | Dadagama · wall_segment Palisade Wall x1 |
| 1:52 | Dadagama · wall_segment Palisade Wall x1 |
| 1:53 | Dadagama · wall_segment Palisade Wall x1 |
| 1:56 | Dadagama · wall_segment Palisade Wall x1 |
| 7:20 | .Bast · wall_segment Palisade Wall x2 |
| 8:00 | .Bast · wall_segment Palisade Wall x1 |
| 8:46 | .Bast · first_building Barracks |
| 9:20 | biubiu · first_building Dock |
| 10:46 | danchoi · first_building Barracks |
| 11:32 | Dadagama · first_building Barracks |
| 12:01 | danchoi · age_up feudal |
| 12:03 | danchoi · first_building Archery Range |
| 12:14 | .Bast · age_up feudal |
| 12:17 | Er Gouzi · first_building Barracks |
| 12:18 | .Bast · first_building Archery Range |
| 12:45 | Dadagama · age_up feudal |
| 12:47 | Codiman · first_building Barracks |
| 12:47 | Dadagama · first_building Stable |
| 12:52 | Er Gouzi · wall_segment Palisade Wall x7 |
| 13:26 | Codiman · wall_segment Palisade Wall x1 |
| 13:27 | Codiman · wall_segment Palisade Wall x1 |
| 13:28 | Codiman · wall_segment Palisade Wall x1 |
| 13:29 | Codiman · wall_segment Palisade Wall x1 |
| 13:31 | Codiman · wall_segment Palisade Wall x1 |
| 13:39 | Codiman · age_up feudal |
| 13:58 | Milongo · wall_segment Palisade Wall x1 |
| 13:59 | Milongo · wall_segment Palisade Wall x1 |
| 14:02 | Milongo · wall_segment Palisade Wall x4 |
| 14:08 | Milongo · age_up feudal |
| 14:15 | Er Gouzi · age_up feudal |
| 14:29 | biubiu · wall_segment Palisade Wall x2 |
| 14:30 | Er Gouzi · first_building Archery Range |
| 14:30 | biubiu · wall_segment Palisade Wall x1 |
| 14:32 | biubiu · wall_segment Palisade Wall x3 |
| 14:35 | Codiman · first_building Stable |
| 14:47 | .Bast · wall_segment Palisade Wall x7 |
| 15:05 | FoldedAunt23528 · age_up feudal |
| 15:24 | Codiman · wall_segment Palisade Wall x6 |
| 15:36 | Er Gouzi · wall_segment Palisade Wall x4 |
| 15:53 | Milongo · first_market_sell 500 wood |
| 15:56 | Milongo · first_market_buy 100 food |
| 16:18 | biubiu · first_building Barracks |
| 16:23 | biubiu · wall_segment Palisade Wall x4 |
| 16:28 | biubiu · wall_segment Palisade Wall x21 |
| 16:37 | biubiu · wall_segment Palisade Wall x3 |
| 16:39 | Codiman · wall_segment Palisade Wall x4 |
| 16:40 | biubiu · wall_segment Palisade Wall x7 |
| 16:43 | Codiman · wall_segment Palisade Wall x4 |
| 16:55 | biubiu · wall_segment Palisade Wall x12 |
| 17:18 | biubiu · age_up feudal |
| 18:03 | biubiu · wall_segment Palisade Wall x1 |
| 18:05 | biubiu · wall_segment Palisade Wall x1 |
| 18:07 | biubiu · wall_segment Palisade Wall x1 |
| 18:09 | biubiu · wall_segment Palisade Wall x1 |
| 18:10 | biubiu · wall_segment Palisade Wall x1 |
| 18:13 | Er Gouzi · first_building Dock |
| 18:22 | biubiu · wall_segment Palisade Wall x1 |
| 18:25 | biubiu · wall_segment Palisade Wall x1 |
| 18:30 | biubiu · wall_segment Palisade Wall x1 |
| 18:30 | danchoi · wall_segment Palisade Wall x8 |
| 18:33 | biubiu · wall_segment Palisade Wall x1 |
| 18:34 | biubiu · wall_segment Palisade Wall x1 |
| 18:36 | biubiu · wall_segment Palisade Wall x1 |
| 18:41 | FoldedAunt23528 · age_up castle |
| 19:02 | Milongo · age_up castle |
| 19:06 | Milongo · first_building Castle |
| 19:32 | Er Gouzi · age_up castle |
| 20:38 | danchoi · wall_segment Palisade Wall x3 |
| 21:21 | biubiu · wall_segment Palisade Wall x1 |
| 21:28 | biubiu · wall_segment Palisade Wall x10 |
| 21:51 | biubiu · wall_segment Palisade Wall x4 |
| 21:53 | biubiu · wall_segment Palisade Wall x3 |
| 21:55 | danchoi · wall_segment Palisade Wall x12 |
| 22:25 | Dadagama · age_up castle |
| 22:26 | Er Gouzi · first_building Castle |
| 23:10 | Dadagama · first_market_sell 500 wood |
| 23:11 | Dadagama · first_market_buy 100 food |
| 23:40 | biubiu · wall_segment Palisade Wall x9 |
| 23:42 | biubiu · wall_segment Palisade Wall x7 |
| 23:44 | biubiu · wall_segment Palisade Wall x20 |
| 24:12 | biubiu · first_market_buy 100 wood |
| 24:17 | biubiu · age_up castle |
| 24:31 | FoldedAunt23528 · first_building Castle |
| 24:43 | .Bast · age_up castle |
| 25:04 | Codiman · age_up castle |
| 25:13 | danchoi · resign |
| 25:43 | .Bast · first_building Monastery |
[ AI ANALYSIS · 1 CREDIT ]
What really happened in this match?
Wolo.gg analyzes every decision: build order, eco, micro, common mistakes by bracket. Personalized analysis on WhatsApp or Discord in 30 seconds.
Civ guide
Persians
Perfil
Jugador #11526726